 Dungeon Crawl Stone Soup version 0.29-a0-11-ga75d3d97ab (webtiles) character file.

Game seed: 2290822517367762692

35 shoop the Sneak (level 3, -1/22 HPs)
             Began as a Vampire Delver on Jan 28, 2022.
             Was an Initiate of Ru.
             Slain by an iguana (6 damage)
             ... on level 4 of the Dungeon.
             The game lasted 00:02:10 (393 turns).

shoop the Sneak (Vampire Delver)                     Turns: 393, Time: 00:02:11

Health: -1/22      AC:  4    Str: 11    XL:     3   Next: 16%
Magic:  3/3        EV: 12    Int: 14    God:    Ru [......]
Gold:   15         SH:  0    Dex: 15    Spells: 2/2 levels left

rFire   . . .      SeeInvis +   a - +0 short sword
rCold   + + .      Faith    .   (no shield)
rNeg    + + +      Spirit   .   b - +0 leather armour
rPois   ∞          Reflect  .   i - +0 helmet
rElec   .          Harm     .   (no cloak)
rCorr   .          Rampage  .   (no gloves)
Will    .....                   (no boots)
Stlth   ++++++....              (no amulet)
HPRegen 0.00/turn               (no ring)
MPRegen 0.08/turn               (no ring)

@: bloodless, inhibited regen
A: bloodless, fangs 3, see invisible, vampiric 2
a: Bat Form, Revivify, Renounce Religion


You were on level 4 of the Dungeon.
You worshipped Ru.
Ru was noncommittal.
You visited 1 branch of the dungeon, and saw 2 of its levels.

You collected 15 gold pieces.

Inventory:

Hand Weapons
 a - a +0 short sword (weapon)
Armour
 b - a +0 leather armour (worn)
 i - a +0 helmet (worn)
Wands
 g - a wand of digging (3)
 m - a wand of iceblast (10)
Scrolls
 c - a scroll of fog
 d - a scroll of magic mapping
 e - a scroll of fear
 h - a scroll of immolation {unknown}
 l - a scroll of amnesia {unknown}
 p - a scroll of acquirement {unknown}
Potions
 f - a potion of haste
 j - a potion of flight {unknown}
 k - a potion of heal wounds {unknown}
 n - 2 potions of mutation {unknown}
 o - a potion of degeneration {unknown}


   Skills:
 - Level 2.7 Fighting
 + Level 3.4 Short Blades
 - Level 2.2 Dodging
 - Level 7.8 Stealth


You had 2 spell levels left.
You didn't know any spells.
Your spell library was empty.

Dungeon Overview and Level Annotations

Branches:
Dungeon (5/15)
 Temple: D:4-7

Altars:
Ru
Trog

Portals:
Sewer: D:5

Annotations:
D:5 exclusions: 2 adders, black bear and skeleton


Innate Abilities, Weirdness & Mutations

You do not regenerate when monsters are visible.
You are frail without blood (-20% HP).
You can heal yourself when you bite living creatures.
You are immune to poison.
You have razor-sharp teeth.
You have supernaturally acute eyesight. (SInv)
You are afflicted with vampirism and can become a bat while bloodless.


Message History

Really walk into a travel-excluded area?
Found a scroll labelled QYITWI CISKANU.
There is a stone staircase leading up here.
p - a scroll labelled QYITWI CISKANU
There is a stone staircase leading up here.
You climb upwards.
Found 19 stones and 18 sling bullets.
There is a stone staircase leading down here.
The iguana hisses angrily.
The iguana bites you.
You hit the iguana.
The iguana is moderately wounded.
You barely miss the iguana.
The iguana is moderately wounded.
The iguana misses you.
You closely miss the iguana. You bite the iguana, but do no damage.
The iguana is moderately wounded.
The iguana bites you.
You are too injured to fight recklessly!
You barely miss the iguana.
The iguana is moderately wounded.
The iguana closely misses you.
You closely miss the iguana. You bite the iguana.
You draw the iguana's blood!
You feel better.
The iguana is heavily wounded.
The iguana barely misses you.
You barely miss the iguana.
The iguana is heavily wounded.
The iguana bites you.
You closely miss the iguana.
The iguana is heavily wounded.
The iguana bites you.
* * * LOW HITPOINT WARNING * * *
You barely miss the iguana.
The iguana is heavily wounded.
The iguana barely misses you.
You barely miss the iguana.
The iguana is heavily wounded.
The iguana bites you.
You die...

..# ..#
...g...##### ###
#.#.##.....#
........##.....#
....##..##.....#
........##.#
..........l##
...........@#
.......>....#
####........#
#......(.#
#........#
#........#
#........#
#.....(..#
##########


You could see an iguana.

Vanquished Creatures
  An iguana (D:5)
  An adder (D:5)
2 creatures vanquished.

Vanquished Creatures (others)
  2 plants (D:5)
2 creatures vanquished.

Grand Total: 4 creatures vanquished

Notes
Turn   | Place    | Note
-------+----------+-------------------------------------------
     0 | D:5      | shoop the Vampire Delver began the quest for the Orb.
     0 | D:5      | Reached XP level 1. HP: 17/17 MP: 1/1
     6 | D:5      | Noticed a black bear
    62 | D:5      | Found a glowing drain.
   108 | D:5      | Noticed a scorpion
   148 | D:5      | Reached XP level 2. HP: 18/18 MP: 2/2
   151 | D:5      | Found a sacrificial altar of Ru.
   163 | D:5      | Became a worshipper of Ru the Awakened
   176 | D:5      | Gained mutation: You are afflicted with vampirism and can
                  | become a bat while bloodless. [Vampire growth]
   176 | D:5      | Reached XP level 3. HP: 15/22 MP: 3/3
   393 | D:4      | Slain by an iguana

Illustrated notes

Levels and vault maps discovered:
D:4:      layout_basic, minmay_misc_feat_roman, uniq_duvessa
D:5:      layout_loops_ring, nicolae_ru_awakened_eye,
          mainiacjoe_overflow_chevrons, gup_sewer_entry_glass

Skill      XL: |  1  2 |
---------------+-------+-----
Short Blades   | 3 |  3.4
Fighting       | |  2.7
Dodging        | |  2.2
Stealth        | |  7.8

Action                   || total
-------------------------++-------
Melee: Short sword       ||    19
       Bite              ||     3
 Abil: Exsanguinate      ||     1
 Stab: Sleeping          ||     1
Armor: Leather armour    ||     1
Dodge: Dodged            ||     8

Table legend: (Time is in decaauts)
 A = Elapsed time spent in this place.
 B = Non-inter-level travel time spent in this place.
 C = Inter-level travel time spent in this place.
 D = Time resting spent in this place.
 E = Time spent auto-exploring this place.
 F = Levels seen in this place.
 G = Mean time per level.
                   A        B        C        D        E       F      G
               +--------+--------+--------+--------+--------+-----+--------+
         Total |    392 |    392 |      0 |     79 |    144 |   2 |  196.0 |
       Dungeon |    392 |    392 |      0 |     79 |    144 |   2 |  196.0 |
               +--------+--------+--------+--------+--------+-----+--------+

Top non-repeatable levels by time:
     D:5: 370 daAuts
     D:4: 21 daAuts
